[ AOE2 MATCH · #479489486 ]
1v1 RMFranks vs Spanish
Player's team · WIN
Rival team · LOSS
[ REPLAY ANALYSIS · EXTRACTED FROM THE RECORDED GAME ]
Feudal
11:13
Castle
22:37
Imperial
32:12
| APM avg | 42.5 |
| APM peak | 114 |
| eAPM avg | 12.8 |
| Villagers / military | 60 / 43 |
Focus
⚔️ 25.7% · 🌾 74.3%
Knight ×31 · Scout Cavalry ×6 · Trebuchet (Packed) ×3 · Spearman ×2 · Monk ×1
Feudal
10:06
Castle
23:22
Imperial
36:31
| APM avg | 22.7 |
| APM peak | 44 |
| eAPM avg | 12.2 |
| Villagers / military | 67 / 53 |
Focus
⚔️ 25.8% · 🌾 74.2%
Spearman ×24 · Scout Cavalry ×20 · Conquistador ×6 · Militia ×1 · Knight ×1 · Transport Ship ×1
Match map
Initial resources + every placement click. Lines = walls · curves = elevation contours. ◆ gold · ⬟ stone · ● berries · ✦ relic · ◌ wall gap
Your base· Open — unwalled flank
Goku's base· Open — 4t gap
Smoothed initial terrain · ◌ = detected wall gap · hover for details
Inputs per minute
— Khan - - Goku
Build order — Khan
First 150 of 170 actions detected
| 0:03 | Build | House |
| 0:04 | Build | House |
| 0:12 | Create | Villager (Male) |
| 0:35 | Create | Villager (Male) |
| 1:12 | Create | Villager (Male) |
| 1:25 | Create | Villager (Male) |
| 1:42 | Create | Villager (Male) |
| 2:11 | Create | Villager (Male) |
| 2:11 | Create | Villager (Male) |
| 2:19 | Build | Lumber Camp |
| 2:23 | Create | Villager (Male) |
| 3:13 | Create | Villager (Male) |
| 3:32 | Create | Villager (Male) |
| 4:00 | Build | Mill |
| 4:01 | Create | Villager (Male) |
| 4:31 | Create | Villager (Male) |
| 4:37 | Build | House |
| 5:15 | Create | Villager (Male) |
| 5:15 | Create | Villager (Male) |
| 5:38 | Build | Farm |
| 5:46 | Build | Farm |
| 5:47 | Create | Villager (Male) |
| 5:57 | Create | Villager (Male) |
| 6:13 | Build | Farm |
| 6:15 | Build | Farm |
| 6:20 | Create | Villager (Male) |
| 6:44 | Build | House |
| 6:52 | Create | Villager (Male) |
| 7:06 | Build | Farm |
| 7:17 | Create | Villager (Male) |
| 7:32 | Build | Farm |
| 8:16 | Build | Farm |
| 8:22 | Build | Farm |
| 9:03 | Research | Feudal Age |
| 9:03 | Research | Feudal Age |
| 9:48 | Build | House |
| 10:29 | Build | Barracks |
| 10:36 | Create | Villager (Male) |
| 10:41 | Build | Farm |
| 10:43 | Build | Farm |
| 11:12 | Create | Villager (Male) |
| 11:13 | Age | Feudal Age |
| 11:27 | Research | Double-Bit Axe |
| 11:27 | Research | Double-Bit Axe |
| 11:41 | Create | Villager (Male) |
| 11:59 | Create | Villager (Male) |
| 12:19 | Build | Stable |
| 12:27 | Create | Villager (Male) |
| 12:27 | Create | Villager (Male) |
| 12:57 | Build | House |
| 13:13 | Build | Mining Camp |
| 13:15 | Create | Scout Cavalry |
| 13:15 | Create | Scout Cavalry |
| 14:01 | Create | Villager (Male) |
| 14:06 | Create | Scout Cavalry |
| 14:33 | Create | Villager (Male) |
| 14:33 | Create | Villager (Male) |
| 14:35 | Build | Farm |
| 14:52 | Create | Villager (Male) |
| 15:02 | Create | Scout Cavalry |
| 15:05 | Create | Scout Cavalry |
| 15:21 | Create | Villager (Male) |
| 15:27 | Build | Farm |
| 16:03 | Create | Villager (Male) |
| 16:37 | Create | Scout Cavalry |
| 16:38 | Create | Villager (Male) |
| 16:40 | Create | Villager (Male) |
| 16:44 | Create | Villager (Male) |
| 16:53 | Build | House |
| 17:22 | Build | Blacksmith |
| 17:49 | Create | Villager (Male) |
| 18:10 | Create | Villager (Male) |
| 18:15 | Build | Mining Camp |
| 18:19 | Build | House |
| 18:38 | Create | Villager (Male) |
| 19:03 | Create | Villager (Male) |
| 19:21 | Build | Farm |
| 19:24 | Build | Farm |
| 19:36 | Build | Farm |
| 19:57 | Research | Castle Age |
| 19:57 | Research | Castle Age |
| 20:29 | Create | Spearman |
| 20:29 | Create | Spearman |
| 21:32 | Build | House |
| 22:08 | Research | Stone Mining |
| 22:08 | Research | Gold Mining |
| 22:13 | Research | Gold Mining |
| 22:37 | Age | Castle Age |
| 22:38 | Research | Bow Saw |
| 22:38 | Research | Bow Saw |
| 22:41 | Research | Wheelbarrow |
| 23:03 | Create | Villager (Male) |
| 23:14 | Create | Villager (Male) |
| 23:29 | Build | Stable |
| 24:11 | Build | Castle |
| 24:20 | Research | Husbandry |
| 24:22 | Create | Knight |
| 24:22 | Create | Knight |
| 24:36 | Build | Farm |
| 24:39 | Create | Villager (Male) |
| 24:49 | Build | Farm |
| 25:02 | Create | Knight |
| 25:04 | Create | Knight |
| 25:12 | Create | Villager (Male) |
| 25:12 | Create | Villager (Male) |
| 25:19 | Build | Farm |
| 25:44 | Build | Monastery |
| 25:55 | Build | Lumber Camp |
| 26:05 | Build | Farm |
| 26:08 | Build | Farm |
| 26:18 | Research | Hand Cart |
| 26:42 | Create | Monk |
| 26:54 | Build | Mining Camp |
| 27:57 | Create | Villager (Male) |
| 27:57 | Create | Villager (Male) |
| 27:59 | Research | Gold Shaft Mining |
| 29:02 | Research | Imperial Age |
| 29:19 | Create | Knight |
| 29:19 | Create | Knight |
| 29:30 | Create | Knight |
| 29:30 | Create | Knight |
| 29:55 | Create | Knight |
| 29:55 | Create | Knight |
| 30:16 | Create | Knight |
| 30:16 | Create | Knight |
| 30:38 | Build | Stable |
| 31:01 | Create | Knight |
| 31:01 | Create | Knight |
| 31:02 | Create | Knight |
| 31:17 | Research | Scale Barding Armor |
| 31:18 | Research | Forging |
| 31:38 | Build | Mining Camp |
| 31:54 | Build | Castle |
| 32:12 | Age | Imperial Age |
| 32:13 | Research | Cavalier (upgrade) |
| 32:18 | Create | Trebuchet (Packed) |
| 32:18 | Create | Trebuchet (Packed) |
| 32:36 | Create | Villager (Male) |
| 32:37 | Create | Villager (Male) |
| 32:38 | Create | Villager (Male) |
| 32:58 | Build | Town Center |
| 33:30 | Create | Villager (Male) |
| 33:30 | Create | Villager (Male) |
| 33:43 | Create | Knight |
| 33:43 | Create | Knight |
| 33:43 | Create | Knight |
| 33:43 | Create | Knight |
| 33:44 | Create | Knight |
| 33:44 | Create | Knight |
| 34:28 | Create | Knight |
Build order — Goku
First 150 of 214 actions detected
| 0:01 | Create | Villager (Male) |
| 0:02 | Create | Villager (Male) |
| 0:02 | Create | Villager (Male) |
| 0:02 | Create | Villager (Male) |
| 0:04 | Build | House |
| 0:06 | Build | House |
| 1:33 | Create | Villager (Male) |
| 1:34 | Create | Villager (Male) |
| 2:02 | Create | Villager (Male) |
| 2:02 | Create | Villager (Male) |
| 2:20 | Create | Villager (Male) |
| 2:20 | Create | Villager (Male) |
| 2:53 | Create | Villager (Male) |
| 2:53 | Create | Villager (Male) |
| 3:02 | Build | Lumber Camp |
| 3:32 | Create | Villager (Male) |
| 3:32 | Create | Villager (Male) |
| 3:36 | Build | House |
| 3:40 | Create | Villager (Male) |
| 4:45 | Create | Villager (Male) |
| 4:45 | Create | Villager (Male) |
| 5:26 | Build | Mill |
| 6:16 | Create | Villager (Male) |
| 6:16 | Create | Villager (Male) |
| 6:55 | Create | Villager (Male) |
| 7:24 | Research | Loom |
| 7:39 | Research | Feudal Age |
| 8:09 | Build | House |
| 8:14 | Build | House |
| 8:20 | Build | Barracks |
| 8:24 | Build | Palisade Wall |
| 9:06 | Build | House |
| 9:11 | Build | Palisade Wall |
| 10:01 | Build | Farm |
| 10:06 | Age | Feudal Age |
| 10:09 | Build | Stable |
| 10:13 | Build | Palisade Wall |
| 10:18 | Research | Double-Bit Axe |
| 10:19 | Research | Double-Bit Axe |
| 10:22 | Create | Villager (Male) |
| 10:24 | Create | Villager (Male) |
| 10:46 | Create | Villager (Male) |
| 10:50 | Research | Horse Collar |
| 10:57 | Build | Farm |
| 11:17 | Build | Farm |
| 11:21 | Build | Farm |
| 11:29 | Create | Scout Cavalry |
| 11:58 | Build | House |
| 12:02 | Build | House |
| 12:07 | Build | Palisade Wall |
| 12:30 | Create | Scout Cavalry |
| 12:38 | Build | Mining Camp |
| 12:43 | Build | Farm |
| 12:44 | Build | Farm |
| 12:47 | Build | Farm |
| 12:49 | Create | Villager (Male) |
| 12:49 | Create | Villager (Male) |
| 13:10 | Create | Villager (Male) |
| 13:13 | Build | Farm |
| 13:14 | Create | Scout Cavalry |
| 14:02 | Build | Farm |
| 14:05 | Build | Farm |
| 14:06 | Create | Villager (Male) |
| 14:07 | Create | Villager (Male) |
| 14:49 | Create | Scout Cavalry |
| 14:54 | Build | Farm |
| 14:57 | Build | Farm |
| 15:12 | Build | Farm |
| 15:16 | Build | Farm |
| 15:17 | Create | Villager (Male) |
| 15:18 | Create | Villager (Male) |
| 15:28 | Build | House |
| 15:35 | Create | Scout Cavalry |
| 16:01 | Create | Scout Cavalry |
| 16:15 | Create | Villager (Male) |
| 16:16 | Create | Villager (Male) |
| 16:21 | Build | Farm |
| 17:11 | Create | Scout Cavalry |
| 17:12 | Create | Scout Cavalry |
| 17:20 | Build | Palisade Wall |
| 17:23 | Create | Villager (Male) |
| 17:30 | Build | Farm |
| 17:30 | Build | Farm |
| 17:31 | Build | Farm |
| 17:33 | Build | Farm |
| 17:49 | Create | Villager (Male) |
| 18:10 | Create | Militia |
| 18:13 | Create | Spearman |
| 18:14 | Create | Spearman |
| 18:14 | Create | Spearman |
| 18:17 | Create | Scout Cavalry |
| 18:25 | Create | Villager (Male) |
| 18:38 | Build | Blacksmith |
| 18:59 | Create | Villager (Male) |
| 19:06 | Build | Market |
| 19:25 | Research | Wheelbarrow |
| 19:32 | Build | Farm |
| 20:17 | Create | Scout Cavalry |
| 20:25 | Build | Palisade Gate |
| 20:42 | Research | Castle Age |
| 20:49 | Research | Gold Mining |
| 21:35 | Research | Bloodlines |
| 21:40 | Research | Scale Barding Armor |
| 21:51 | Research | Stone Mining |
| 22:26 | Create | Scout Cavalry |
| 22:27 | Create | Scout Cavalry |
| 22:35 | Research | Scale Mail Armor |
| 22:37 | Create | Spearman |
| 22:37 | Create | Spearman |
| 22:38 | Create | Spearman |
| 23:20 | Research | Forging |
| 23:22 | Age | Castle Age |
| 23:25 | Create | Villager (Male) |
| 23:26 | Create | Villager (Male) |
| 23:34 | Build | Town Center |
| 23:46 | Build | Town Center |
| 23:56 | Build | Town Center |
| 24:08 | Build | House |
| 24:19 | Research | Light Cavalry (upgrade) |
| 24:25 | Research | Chain Barding Armor |
| 24:44 | Create | Villager (Male) |
| 24:45 | Create | Villager (Male) |
| 24:49 | Build | Farm |
| 24:50 | Build | Farm |
| 24:56 | Build | Farm |
| 25:03 | Build | Farm |
| 25:11 | Create | Villager (Male) |
| 25:12 | Create | Villager (Male) |
| 25:20 | Build | Farm |
| 25:33 | Create | Knight |
| 25:37 | Create | Scout Cavalry |
| 25:38 | Create | Scout Cavalry |
| 25:52 | Create | Villager (Male) |
| 25:54 | Create | Villager (Male) |
| 25:55 | Create | Villager (Male) |
| 26:17 | Build | House |
| 26:18 | Build | House |
| 26:23 | Build | House |
| 26:24 | Build | House |
| 26:31 | Create | Villager (Male) |
| 26:32 | Create | Villager (Male) |
| 26:33 | Create | Villager (Male) |
| 26:38 | Create | Scout Cavalry |
| 26:42 | Create | Scout Cavalry |
| 26:45 | Research | Pikeman (upgrade) |
| 26:55 | Research | Squires |
| 27:06 | Create | Villager (Male) |
| 27:09 | Create | Villager (Male) |
| 27:16 | Build | Farm |
| 27:25 | Build | Farm |
Match timeline
| 8:20 | Goku · first_building Barracks |
| 8:24 | Goku · wall_segment Palisade Wall x3 |
| 9:11 | Goku · wall_segment Palisade Wall x4 |
| 10:06 | Goku · age_up feudal |
| 10:09 | Goku · first_building Stable |
| 10:13 | Goku · wall_segment Palisade Wall x11 |
| 10:29 | Khan · first_building Barracks |
| 11:13 | Khan · age_up feudal |
| 12:07 | Goku · wall_segment Palisade Wall x13 |
| 12:19 | Khan · first_building Stable |
| 17:20 | Goku · wall_segment Palisade Wall x1 |
| 22:37 | Khan · age_up castle |
| 23:22 | Goku · age_up castle |
| 24:11 | Khan · first_building Castle |
| 24:41 | Goku · first_market_buy 100 wood |
| 25:44 | Khan · first_building Monastery |
| 29:17 | Goku · first_building Castle |
| 32:12 | Khan · age_up imperial |
| 33:04 | Goku · first_market_sell 100 wood |
| 36:13 | Goku · first_building Dock |
| 36:31 | Goku · age_up imperial |
| 38:10 | Goku · resign |
[ AI ANALYSIS · 1 CREDIT ]
What really happened in this match?
Wolo.gg analyzes every decision: build order, eco, micro, common mistakes by bracket. Personalized analysis on WhatsApp or Discord in 30 seconds.
Civ guide
Franks
Map guide
Isthmus
Perfil
Jugador #25463556